SNL (28 & UNDER)
SALEM SILVER SOULS @ NEW HAMPSHIRE FISHER CATS
09/11/2024
 
TOP OF THE 1ST
Salem Silver Souls batting - Pitching for New Hampshire Fisher Cats : RHP Brandon Mitchell
Pitching: RHP Brandon Mitchell
Batting: RHB Juan López 0-0: Ball
1-0: Called Strike
1-1: Ground out 3-1 (Groundball, 34S)
Batting: SHB Todd Smith 0-0: Called Strike
0-1: Foul Ball, location: 2F
0-2: Ball
1-2: Ball
2-2: Reached on Error, E5 (Popup, 5S)
Batting: RHB Lonson Seals 0-0: Ball
1-0: Called Strike
1-1: Ball
2-1: Foul Ball, location: 2F
2-2: Fly out, F4 (Popup, 34D)
Batting: LHB Bill Smith 0-0: Fly out, F7 (Flyball, 78M)
Top of the 1st over - 0 run(s), 0 hit(s), 1 error(s), 1 left on base; Salem 0 - New Hampshire 0
BOTTOM OF THE 1ST
New Hampshire Fisher Cats batting - Pitching for Salem Silver Souls : RHP Pat Wyatt
Pitching: RHP Pat Wyatt
Batting: RHB Billy Campbell 0-0: Ball
1-0: Foul Ball, location: 2F
1-1: Ground out 5-3 (Groundball, 56)
Batting: RHB Santiago Vallés 0-0: Called Strike
0-1: Ground out 1-3 (Groundball, 15)
Batting: LHB Don Ramey 0-0: Ground out 4-3 (Groundball, 4)
Bottom of the 1st over - 0 run(s), 0 hit(s), 0 error(s), 0 left on base; Salem 0 - New Hampshire 0
TOP OF THE 2ND
Salem Silver Souls batting - Pitching for New Hampshire Fisher Cats : RHP Brandon Mitchell
Batting: LHB Jeff Doss 0-0: Called Strike
0-1: Ball
1-1: Called Strike
1-2: Ball
2-2: Foul Ball, location: 2F
2-2: Strikes out swinging
Batting: SHB Francis Shaffer 0-0: Fly out, F7 (Flyball, 78D)
Batting: LHB Millard Dye 0-0: Ball
1-0: Called Strike
1-1: Ball
2-1: Foul Ball, location: 2F
2-2: Strikes out swinging
Top of the 2nd over - 0 run(s), 0 hit(s), 0 error(s), 0 left on base; Salem 0 - New Hampshire 0
BOTTOM OF THE 2ND
New Hampshire Fisher Cats batting - Pitching for Salem Silver Souls : RHP Pat Wyatt
Batting: RHB Lu-fang Huie 0-0: Ball
1-0: Ball
2-0: Ball
3-0: Base on Balls
Batting: SHB Lester Olsen 0-0: Called Strike
0-1: Ball
Lu-fang Huie steals 2nd base
1-1: Foul Ball, location: 2F
1-2: Foul Ball, location: 2F
1-2: Hit by Pitch
Batting: RHB Tim Robertson 0-0: Fly out, F8 (Flyball, 8RM)
Batting: RHB Felipe Rivas 0-0: Grounds into double play, 6-4-3 (Groundball, 6)
Bottom of the 2nd over - 0 run(s), 0 hit(s), 0 error(s), 1 left on base; Salem 0 - New Hampshire 0
TOP OF THE 3RD
Salem Silver Souls batting - Pitching for New Hampshire Fisher Cats : RHP Brandon Mitchell
Batting: RHB Alejandro Martínez 0-0: Ball
1-0: SINGLE (Line Drive, 8LS)
Batting: RHB Anthony Wells 0-0: Ball
1-0: Ball
2-0: SINGLE (Groundball, 6M)
Alejandro Martínez to second
Batting: RHB Juan López 0-0: Grounds into double play, 4-6-3 (Groundball, 4)
Alejandro Martínez to third
Batting: SHB Todd Smith 0-0: Ball
1-0: Ball
2-0: Ground out 1-3 (Groundball, 15S)
Top of the 3rd over - 0 run(s), 2 hit(s), 0 error(s), 1 left on base; Salem 0 - New Hampshire 0
BOTTOM OF THE 3RD
New Hampshire Fisher Cats batting - Pitching for Salem Silver Souls : RHP Pat Wyatt
Batting: RHB Chris Parker 0-0: Fly out, F9 (Flyball, 9LS)
Batting: RHB Júlio Trinidad 0-0: Ball
1-0: DOUBLE (Line Drive, 89D)
Batting: RHB Billy Campbell 0-0: Called Strike
0-1: Fly out, F3 (Popup, 3DF)
Batting: RHB Santiago Vallés 0-0: Foul Ball, location: 2F
0-1: Ball
1-1: Called Strike
1-2: Fly out, F7 (Flyball, 7S)
Bottom of the 3rd over - 0 run(s), 1 hit(s), 0 error(s), 1 left on base; Salem 0 - New Hampshire 0
TOP OF THE 4TH
Salem Silver Souls batting - Pitching for New Hampshire Fisher Cats : RHP Brandon Mitchell
Batting: RHB Lonson Seals 0-0: Ball
1-0: Ground out 2-3 (Groundball, 2L)
Batting: LHB Bill Smith 0-0: SINGLE (Line Drive, 4MD)
Batting: LHB Jeff Doss 0-0: Called Strike
0-1: DOUBLE (Flyball, 78XD)
Bill Smith to third
Runner from 3rd tries for Home, SAFE, throw made home
Batting: SHB Francis Shaffer 0-0: DOUBLE (Flyball, 8RXD)
Jeff Doss scores
Batting: LHB Millard Dye 0-0: Called Strike
0-1: Swinging Strike
0-2: Strikes out swinging
Batting: RHB Alejandro Martínez 0-0: Ground out 6-3 (Groundball, 56)
Top of the 4th over - 2 run(s), 3 hit(s), 0 error(s), 1 left on base; Salem 2 - New Hampshire 0
BOTTOM OF THE 4TH
New Hampshire Fisher Cats batting - Pitching for Salem Silver Souls : RHP Pat Wyatt
Batting: LHB Don Ramey 0-0: Ground out 6-3 (Groundball, 6M)
Batting: RHB Lu-fang Huie 0-0: Called Strike
0-1: Ground out 5-3 (Groundball, 56)
Batting: SHB Lester Olsen 0-0: Foul Ball, location: 2F
0-1: Ball
1-1: Foul Ball, location: 2F
1-2: Ball
2-2: Ball
3-2: SINGLE (Line Drive, 8LS)
Batting: RHB Tim Robertson 0-0: Called Strike
0-1: Ball
1-1: Ball
2-1: Swinging Strike
2-2: Foul Ball, location: 2F
2-2: Foul Ball, location: 2F
2-2: Strikes out looking
Bottom of the 4th over - 0 run(s), 1 hit(s), 0 error(s), 1 left on base; Salem 2 - New Hampshire 0
TOP OF THE 5TH
Salem Silver Souls batting - Pitching for New Hampshire Fisher Cats : RHP Brandon Mitchell
Batting: RHB Anthony Wells 0-0: Ball
1-0: Called Strike
1-1: Foul Ball, location: 2F
1-2: Ball
2-2: Ball
3-2: Strikes out swinging
Batting: RHB Juan López 0-0: Called Strike
0-1: Ball
1-1: Ground out 6-3 (Groundball, 6)
Batting: SHB Todd Smith 0-0: Ground out U3 (Groundball, 3L)
Top of the 5th over - 0 run(s), 0 hit(s), 0 error(s), 0 left on base; Salem 2 - New Hampshire 0
BOTTOM OF THE 5TH
New Hampshire Fisher Cats batting - Pitching for Salem Silver Souls : RHP Pat Wyatt
Batting: RHB Felipe Rivas 0-0: Swinging Strike
0-1: Ball
1-1: Ball
2-1: Ball
3-1: Base on Balls
Batting: RHB Chris Parker 0-0: Ball
1-0: Ball
2-0: Ball
3-0: Called Strike
3-1: Base on Balls
Felipe Rivas to second
Batting: RHB Júlio Trinidad 0-0: Called Strike
0-1: Ball
1-1: Swinging Strike
1-2: Strikes out looking
Batting: RHB Billy Campbell 0-0: Ball
1-0: Swinging Strike
1-1: SINGLE (Line Drive, 6D)
Felipe Rivas to third
Chris Parker to second
Batting: RHB Santiago Vallés 0-0: Called Strike
0-1: Ball
1-1: Foul Ball, location: 2F
1-2: Foul Ball, location: 2F
1-2: Ball
2-2: SINGLE (Line Drive, 7S)
Felipe Rivas scores
Chris Parker to third
Billy Campbell to second
Runner from 3rd tries for Home, throw and OUT!
Billy Campbell to third
Santiago Vallés to second
Batting: LHB Don Ramey 0-0: Called Strike
0-1: Foul Ball, location: 2F
0-2: Foul Ball, location: 2F
0-2: Ground out 4-3 (Groundball, 4M)
Bottom of the 5th over - 1 run(s), 2 hit(s), 0 error(s), 2 left on base; Salem 2 - New Hampshire 1
TOP OF THE 6TH
Salem Silver Souls batting - Pitching for New Hampshire Fisher Cats : RHP Brandon Mitchell
Batting: RHB Lonson Seals 0-0: Foul Ball, location: 2F
0-1: Called Strike
0-2: Fly out, F9 (Flyball, 9M)
Batting: LHB Bill Smith 0-0: Foul Ball, location: 2F
0-1: Ball
1-1: Foul Ball, location: 2F
1-2: Strikes out swinging
Batting: LHB Jeff Doss 0-0: Ball
1-0: Fly out, F7 (Popup, 5D)
Top of the 6th over - 0 run(s), 0 hit(s), 0 error(s), 0 left on base; Salem 2 - New Hampshire 1
BOTTOM OF THE 6TH
New Hampshire Fisher Cats batting - Pitching for Salem Silver Souls : RHP Pat Wyatt
Batting: RHB Lu-fang Huie 0-0: Called Strike
0-1: Foul Ball, location: 2F
0-2: Ball
1-2: Foul Ball, location: 2F
1-2: Ball
2-2: Strikes out looking
Batting: SHB Lester Olsen 0-0: Ball
1-0: Ball
2-0: Ball
3-0: Called Strike
3-1: Ground out U3 (Groundball, 3S)
Batting: RHB Tim Robertson 0-0: Called Strike
0-1: Foul Ball, location: 2F
0-2: Ground out 1-3 (Groundball, 13S)
Bottom of the 6th over - 0 run(s), 0 hit(s), 0 error(s), 0 left on base; Salem 2 - New Hampshire 1
TOP OF THE 7TH
Salem Silver Souls batting - Pitching for New Hampshire Fisher Cats : RHP Brandon Mitchell
Pitching: RHP Dan Ford
Batting: SHB Francis Shaffer 0-0: Ball
1-0: Ball
2-0: Called Strike
2-1: Foul Ball, location: 2F
2-2: Strikes out looking
Batting: LHB Millard Dye 0-0: Ball
1-0: Ball
2-0: Foul Ball, location: 2F
2-1: Foul Ball, location: 2F
2-2: Strikes out swinging
Batting: RHB Alejandro Martínez 0-0: Swinging Strike
0-1: Ball
1-1: Ball
2-1: Ball
3-1: Base on Balls
Pinch Hitting: LHB Raúl Cordero 0-0: Ball
1-0: Called Strike
1-1: Fly out, F3 (Line Drive, 3)
Top of the 7th over - 0 run(s), 0 hit(s), 0 error(s), 1 left on base; Salem 2 - New Hampshire 1
BOTTOM OF THE 7TH
New Hampshire Fisher Cats batting - Pitching for Salem Silver Souls : RHP Pat Wyatt
Now in LF: Ezechiele Bruno
Batting: RHB Felipe Rivas 0-0: Ball
1-0: Called Strike
1-1: SINGLE (Groundball, 4MD)
Batting: RHB Chris Parker 0-0: Ball
1-0: Ball
Felipe Rivas steals 2nd base
2-0: Ball
3-0: Base on Balls
Batting: RHB Júlio Trinidad 0-0: Foul Ball, location: 2F
0-1: Ball
1-1: Ground out 5-3 (Groundball, 5L)
Felipe Rivas to third
Chris Parker to second
Batting: RHB Billy Campbell 0-0: SINGLE (Groundball, 6MS)
Felipe Rivas scores
Chris Parker to third
Batting: RHB Santiago Vallés 0-0: SINGLE (Groundball, 56D)
Chris Parker scores
Billy Campbell to second
Pitching: RHP Dave Woods
Batting: LHB Don Ramey 0-0: Called Strike
0-1: Ball
1-1: Ground out 4-3 (Groundball, 4M)
Billy Campbell to third
Santiago Vallés to second
Batting: RHB Lu-fang Huie 0-0: Ball
1-0: Ground out 6-3 (Groundball, 6M)
Bottom of the 7th over - 2 run(s), 3 hit(s), 0 error(s), 2 left on base; Salem 2 - New Hampshire 3
TOP OF THE 8TH
Salem Silver Souls batting - Pitching for New Hampshire Fisher Cats : RHP Dan Ford
Pitching: RHP Takechi Sayuki
Now at 1B: Michael Kent
Now in LF: Sancho Ovies
Batting: RHB Juan López 0-0: Called Strike
0-1: Foul Ball, location: 2F
0-2: Foul Ball, location: 2F
0-2: Ball
1-2: Strikes out swinging
Batting: SHB Todd Smith 0-0: Ball
1-0: Called Strike
1-1: Hit by Pitch
Batting: RHB Lonson Seals 0-0: Called Strike
0-1: Ball
1-1: Fielders Choice at 2nd, 1-6 (Groundball, 13)
Pitching: LHP Steve Paredes
Pinch Hitting: RHB Gabriel Miranda 0-0: Fielders Choice at 2nd, U4 (Groundball, 4M)
Top of the 8th over - 0 run(s), 0 hit(s), 0 error(s), 1 left on base; Salem 2 - New Hampshire 3
BOTTOM OF THE 8TH
New Hampshire Fisher Cats batting - Pitching for Salem Silver Souls : RHP Dave Woods
Now in RF: Ron Edwards
Batting: SHB Lester Olsen 0-0: Swinging Strike
0-1: Ground out 3-1 (Groundball, 3L)
Batting: RHB Tim Robertson 0-0: Ball
1-0: Ball
2-0: Called Strike
2-1: Swinging Strike
2-2: Ground out 6-3 (Groundball, 6M)
Batting: RHB Felipe Rivas 0-0: Called Strike
0-1: Ball
1-1: Called Strike
1-2: Strikes out swinging, 2-3 out at first.
Bottom of the 8th over - 0 run(s), 0 hit(s), 0 error(s), 0 left on base; Salem 2 - New Hampshire 3
TOP OF THE 9TH
Salem Silver Souls batting - Pitching for New Hampshire Fisher Cats : LHP Steve Paredes
Pitching: RHP António Ramírez
Batting: LHB Jeff Doss 0-0: Fly out, F8 (Line Drive, 78D)
Pinch Hitting: RHB Jesús Gutiérrez 0-0: Fly out, F4 (Popup, 3DF)
Batting: LHB Millard Dye 0-0: Ball
1-0: Ball
2-0: Ball
3-0: Fly out, F9 (Line Drive, 9M)
Top of the 9th over - 0 run(s), 0 hit(s), 0 error(s), 0 left on base; Salem 2 - New Hampshire 3
This league is powered by Out of the Park Baseball, the baseball management simulation game for PC, Mac and Linux
Saturday, April 9th, 2016 - OOTP Baseball 16.8 Build 38